 Dungeon Crawl Stone Soup version 0.28-a0-919-g0b5b508569 (webtiles) character file.

Game seed: 7567653883497670211

2363 horus123 the Spear-Bearer (level 9, -1/141 HPs)
             Began as an Ogre Berserker on Nov 25, 2021.
             Was a Believer of Trog.
             Slain by a yak (13 damage)
             ... on level 8 of the Dungeon.
             The game lasted 00:13:41 (8369 turns).

horus123 the Spear-Bearer (Ogre Berserker)          Turns: 8369, Time: 00:13:42

Health: -1/141     AC:  9    Str: 25    XL:     9   Next: 44%
Magic:  9/9        EV: 11    Int:  8    God:    Trog [**....]
Gold:   362        SH:  5    Dex:  9    Spells: 8/8 levels left

rFire   + . .      SeeInvis .   j - +0 halberd
rCold   . . .      Faith    .   (shield currently unavailable)
rNeg    . . .      Spirit   .   t - +0 steam dragon scales
rPois   .          Reflect  +   (helmet restricted)
rElec   .          Harm     .   c - +2 cloak
rCorr   .          Rampage  .   (gloves unavailable)
Will    ++...                   (boots unavailable)
Stlth   ..........              e - amulet of reflection
HPRegen 1.33/turn               g - ring of protection from fire
MPRegen 0.11/turn               k - ring of flight

@: berserking, strong-willed, flying, regenerating, very quick
A: large, unfitting armour, tough skin 1
a: Renounce Religion, Berserk, Trog's Hand


You were on level 8 of the Dungeon.
You worshipped Trog.
Trog was pleased with you.
You visited 1 branch of the dungeon, and saw 8 of its levels.

You collected 362 gold pieces.

Inventory:

Hand Weapons
 a - a +1 spear
 j - a +0 halberd (weapon)
Armour
 b - a +0 animal skin
 c - a +2 cloak (worn)
 t - +0 steam dragon scales (worn)
Jewellery
 e - an amulet of reflection (around neck)
 g - a ring of protection from fire (left hand)
 k - a ring of flight (right hand)
 x - a ring of protection from fire
 y - a ring of protection from cold
Wands
 n - a wand of polymorph (3)
Scrolls
 d - 5 scrolls of teleportation
 i - a scroll of blinking
 m - 2 scrolls of magic mapping
 s - 2 scrolls of identify
 w - a scroll of enchant weapon
Potions
 f - a potion of attraction
 h - a potion of lignification
 l - a potion of mutation {unknown}
 o - a potion of degeneration
 p - a potion of magic
 q - a potion of berserk rage
 r - a potion of brilliance {unknown}
 u - a potion of might {unknown}
 v - a potion of heal wounds {unknown}


   Skills:
 + Level 7.7 Fighting
 + Level 9.0 Polearms
 + Level 5.8 Dodging
 + Level 2.4 Stealth
 + Level 2.7 Shields
 + Level 1.1 Unarmed Combat


You had 8 spell levels left.
You didn't know any spells.
Your spell library was empty.

Dungeon Overview and Level Annotations

Branches:
Dungeon (8/15)             Temple (0/1) D:6
   Lair: D:8-11

Altars:
Sif Muna

Shops:
D:1 :*

Annotations:
D:6 2 transporters, croobank's ghost, novice DgDe
D:8 3 runed translucent doors, pokeman's ghost, novice DEWz


Innate Abilities, Weirdness & Mutations

You are too large for most types of armour.
You have tough skin. (AC +1)


Message History

You block the yak's attack. The yak gores you!
You barely miss the yak.
The yak is heavily wounded.
The yak gores you! The yak closely misses you. The yak gores you.
You barely miss the yak.
The yak is heavily wounded.
The yak gores you! The yak gores you.
You puncture the yak!
The yak is severely wounded.
The yak barely misses you. x2
You completely miss the yak.
The yak is severely wounded.
The yak gores you! The yak gores you but does no damage.
You puncture the yak!
You kill the yak!
Trog accepts your kill.
Your Polearms skill increases to level 9!
You barely miss the yak. The yak gores you!
The yak gores you but does no damage.
You closely miss the yak. The yak gores you but does no damage.
You block the yak's attack.
You closely miss the yak. The yak gores you.
* * * LOW HITPOINT WARNING * * *
The yak gores you!
* * * LOW HITPOINT WARNING * * *
You hit the yak.
The yak is lightly wounded.
The yak gores you!
* * * LOW HITPOINT WARNING * * *
You block the yak's attack.
Okay, then.
Your skin crawls.
You feel strong-willed. The yak gores you.
* * * LOW HITPOINT WARNING * * *
The yak barely misses you.
A red film seems to cover your vision as you go berserk!
You feel yourself moving faster!
You feel mighty! You block the yak's attack. The yak gores you!
You die...

#.# #.# #.# ###### #####
#.# .....## #...# #.######
....... ##...###......#
Y...... ..<...........+
.Y.....
######.#......#####Y....).
#.#......##@YYY....#
######.#......##Y########
.......#.#######.#######
.#######.####...........
.'.................####.
.#####.#.####..#####
.####..#.# #..# .##......#
#..# .##......# #..#


You could see 5 yaks.

Vanquished Creatures
  A yak (D:8)
  A steam dragon (D:7)
  A sky beast (D:7)
  An orc warrior (D:7)
  3 ice beasts (D:6)
  A black bear (D:6)
  2 necrophages (D:4)
  4 ogres
  A scorpion (D:7)
  3 wyvern skeletons
  A howler monkey (D:5)
  2 jellies
  2 hounds (D:5)
  An orc priest (D:3)
  Crazy Yiuf (D:3)
  7 iguanas
  An orc wizard (D:3)
  Natasha (thrice) (D:4)
  Terence (D:2)
  2 killer bee zombies
  6 gnolls
  4 adders
  3 shadow imps
  2 white imps
  An ufetubus (D:7)
  An adder skeleton (D:5)
  4 worms
  14 orcs
  7 ball pythons
  2 endoplasms
  4 giant cockroaches
  4 goblins
  5 hobgoblins
  5 kobolds
  2 quokkas
  5 frilled lizards
  23 rats
131 creatures vanquished.

Vanquished Creatures (others)
  An orc wizard (D:7)
  A rat (D:3)
2 creatures vanquished.

Grand Total: 133 creatures vanquished

Notes
Turn   | Place    | Note
-------+----------+-------------------------------------------
     0 | D:1      | horus123 the Ogre Berserker began the quest for the Orb.
     0 | D:1      | Reached XP level 1. HP: 24/24 MP: 1/1
    86 | D:1      | Found Yskuytat's Assorted Antiques.
   167 | D:1      | Found Diroerch's Book Boutique.
   428 | D:1      | Reached XP level 2. HP: 29/32 MP: 2/2
   826 | D:2      | Noticed Terence
   829 | D:2      | Found a faded altar of an unknown god.
   910 | D:2      | Reached XP level 3. HP: 36/40 MP: 3/3
  1805 | D:3      | Reached XP level 4. HP: 49/49 MP: 4/4
  1993 | D:3      | Reached ** piety under Trog
  2094 | D:3      | Reached skill level 4 in Polearms
  2170 | D:3      | Reached XP level 5. HP: 33/55 MP: 5/5
  2313 | D:3      | Reached skill level 5 in Fighting
  2448 | D:3      | Found a runed translucent door.
  2449 | D:3      | Noticed Crazy Yiuf
  2515 | D:3      | Killed Crazy Yiuf
  2681 | D:2      | Killed Terence
  2757 | D:4      | Noticed a necrophage
  2770 | D:4      | Killed a necrophage
  2771 | D:4      | Reached skill level 5 in Polearms
  2771 | D:4      | Reached XP level 6. HP: 66/66 MP: 6/6
  2981 | D:4      | Reached skill level 1 in Stealth
  3016 | D:4      | Found a shimmering blue altar of Sif Muna.
  3018 | D:4      | Noticed Natasha
  3019 | D:4      | Noticed a necrophage
  3041 | D:4      | Killed a necrophage
  3042 | D:4      | Reached skill level 1 in Shields
  3042 | D:4      | Reached XP level 7. HP: 47/72 MP: 7/7
  3047 | D:4      | Killed Natasha
  3049 | D:4      | Noticed Natasha
  3068 | D:4      | Killed Natasha
  3085 | D:4      | Noticed Natasha
  3102 | D:4      | Killed Natasha
  3563 | D:5      | Entered Level 5 of the Dungeon
  3592 | D:5      | Reached skill level 6 in Polearms
  3681 | D:5      | Reached skill level 1 in Unarmed Combat
  4097 | D:5      | Reached XP level 8. HP: 14/83 MP: 8/8
  4895 | D:5      | Reached *** piety under Trog
  5295 | D:6      | Reached skill level 5 in Dodging
  5499 | D:6      | Reached skill level 7 in Polearms
  6250 | D:6      | Found a staircase to the Ecumenical Temple.
  6617 | D:6      | Noticed a queen bee
  6704 | D:6      | Reached skill level 8 in Polearms
  6709 | D:6      | Reached XP level 9. HP: 82/93 MP: 9/9
  6828 | D:6      | Found a transporter.
  6828 | D:6      | Found a transporter.
  6837 | D:6      | Noticed croobank's ghost (novice DgDe)
  7213 | D:7      | Identified the +3 whip "Buikh" {vorpal, *Slow rN+ Dex+2}
  8332 | D:8      | Found a runed translucent gate.
  8333 | D:8      | Found a runed translucent gate.
  8333 | D:8      | Found a runed translucent gate.
  8336 | D:8      | Noticed pokeman's ghost (novice DEWz)
  8364 | D:8      | Reached skill level 9 in Polearms
  8369 | D:8      | Slain by a yak

Illustrated notes

Levels and vault maps discovered:
D:1:      denvon_arrival_planthouse, layout_loops_ring, serial_shops,
          nicolae_shop_overgrown_old_shop, shop_statue
D:2:      layout_loops_ring, nicolae_ecumenical_oubliette, uniq_terence
D:3:      layout_rooms, grunt_ministairs_11, minmay_rat_hole,
          uniq_crazy_yiuf_cottage
D:4:      layout_rooms, mainiacjoe_overflow_concentric_impassable,
          minmay_misc_feat_room, uniq_natasha
D:5:      layout_cave_pods, kennysheep_dice
D:6:      layout_loops_ring, minmay_temple_entry_stoned_glass,
          gammafunk_ghost_hive
D:7:      layout_cave_pods
D:8:      corexii_shantytown, layout_basic, nicolae_ossuary_entry_ruins,
          gammafunk_ghost_spectres, serial_shops, nicolae_shop_behind_doors

Skill      XL: |  1  2  3  4  5  6  7  8  9 |
---------------+----------------------------+-----
Dodging        | 3 4 5 |  5.8
Polearms       | 4 5 6 8 9 |  9.0
Fighting       | 5 6 7 |  7.7
Stealth        | 1 2 |  2.4
Shields        | 1 2 |  2.7
Unarmed Combat | 1 |  1.1

Action                   |  1- 3 |  4- 6 |  7- 9 || total
-------------------------+-------+-------+-------++-------
Melee: Spear             |    95 |    37 |       ||   132
       Halberd           |       |   116 |   283 ||   399
       Unarmed           |       |       |    18 ||    18
Invok: Berserk           |     1 |       |     6 ||     7
       Trog's Hand       |       |       |     4 ||     4
  Use: Scroll            |     7 |     4 |     6 ||    17
 Stab: Sleeping          |     1 |       |     3 ||     4
Armor: Animal skin       |    10 |    40 |    57 ||   107
       Steam dragon scal |       |       |    17 ||    17
Dodge: Dodged            |    17 |    56 |   145 ||   218
Block: Other             |     8 |    29 |    78 ||   115
       Reflection        |     1 |       |       ||     1

Table legend: (Time is in decaauts)
 A = Elapsed time spent in this place.
 B = Non-inter-level travel time spent in this place.
 C = Inter-level travel time spent in this place.
 D = Time resting spent in this place.
 E = Time spent auto-exploring this place.
 F = Levels seen in this place.
 G = Mean time per level.
                   A        B        C        D        E       F      G
               +--------+--------+--------+--------+--------+-----+--------+
         Total |   8505 |   8207 |    298 |   1758 |   5288 |   8 | 1063.1 |
       Dungeon |   8505 |   8207 |    298 |   1758 |   5288 |   8 | 1063.1 |
               +--------+--------+--------+--------+--------+-----+--------+

Top non-repeatable levels by time:
     D:6: 1806 daAuts
     D:5: 1707 daAuts
     D:3: 1186 daAuts
     D:7: 1158 daAuts
     D:4: 897 daAuts
     D:2: 813 daAuts
     D:1: 713 daAuts
     D:8: 223 daAuts
